 Dungeon Crawl Stone Soup version 0.24-a0-317-g5cb8de4b22 (webtiles) character file.

Game seed: 3629069065791548768

190 HAL9000 the Cutter (level 5, -3/26 HPs)
             Began as a Vine Stalker Assassin on May 16, 2019.
             Shot with an arrow by a centaur (11 damage)
             ... on level 4 of the Dungeon.
             The game lasted 00:04:47 (2748 turns).

HAL9000 the Cutter (Vine Stalker Assassin)          Turns: 2748, Time: 00:04:47

Health: -3/26      AC:  4    Str: 14    XL:     5   Next: 69%
Magic:  0/6        EV: 11    Int: 11    God:
Gold:   176        SH:  0    Dex: 16    Spells: 4/4 levels left

rFire    . . .     SeeInvis .   s - +2 dagger (venom)
rCold    . . .     Gourm    .   (no shield)
rNeg     . . .     Faith    .   n - +0 robe (curse)
rPois    .         Spirit   +   (no helmet)
rElec    .         Reflect  .   w - +0 cloak
rCorr    .         Harm     .   k - +0 pair of gloves
MR       .....                  (no boots)
Stlth    +++.......             (no amulet)
HPRegen  0.48/turn              (no ring)
MPRegen  0.10/turn              (no ring)

@: no status effects
A: fangs 2, regeneration 1, magic shield, antimagic bite, no potion heal 3, rot
immunity
a: no special abilities


You were on level 4 of the Dungeon.
You were not hungry.

You visited 1 branch of the dungeon, and saw 4 of its levels.

You collected 176 gold pieces.

Inventory:

Hand Weapons
 s - a +2 dagger of venom (weapon)
Missiles
 c - a curare-tipped dart (quivered)
 d - 8 poisoned darts
 h - 11 boomerangs
Armour
 k - a +0 pair of gloves (worn)
 n - a cursed +0 robe (worn)
 w - a +0 cloak (worn)
Scrolls
 b - 2 scrolls of magic mapping {unknown}
 i - 3 scrolls of identify {unknown}
 j - 2 scrolls of noise {unknown}
 l - 3 scrolls of amnesia {unknown}
 m - a scroll of fog {unknown}
 p - a scroll of remove curse {unknown}
 r - a scroll of enchant armour {unknown}
 t - a scroll of immolation {unknown}
 v - 2 scrolls of enchant weapon {unknown}
 x - a scroll of teleportation {unknown}
Potions
 a - a potion of invisibility {unknown}
 e - a potion of ambrosia {unknown}
 g - 2 potions of curing {unknown}
 o - 2 potions of flight {unknown}
 q - 3 potions of haste {unknown}
Comestibles
 f - 8 rations
 u - 3 chunks of flesh


   Skills:
 - Level 1.7 Fighting
 + Level 5.2 Short Blades
 - Level 1.7 Throwing
 - Level 0.7 Dodging
 - Level 4.8 Stealth


You had 4 spell levels left.
You didn't know any spells.
Your spell library was empty.

Dungeon Overview and Level Annotations

Branches:
Dungeon (4/15)
 Temple: D:4-7

Altars:
Dithmenos
Gozag
Okawaru
Wu Jian

Shops:
D:4 }

Annotations:
D:4 Menkaure


Innate Abilities, Weirdness & Mutations

You have extremely sharp teeth.
Your natural rate of healing is unusually fast.
When hurt, damage is shared between your health and your magic reserves.
Your bite disrupts and absorbs the magic of your enemies.
Potions cannot restore your health.
You are immune to rotting.


Message History

The arrow hits you!
Found an ornate altar of the Wu Jian Council.
You see here an arrow.
The centaur shoots an arrow.
The arrow barely misses you.
There is an open door here.
You see here an arrow.
Menkaure mumbles some strange words.
Menkaure seems to speed up.
Menkaure murmurs drily.
You see here an orc skeleton.
The centaur shoots an arrow.
The arrow hits you!
You see here an arrow.
The centaur shoots an arrow.
The arrow hits you!
* * * LOW HITPOINT WARNING * * *
You see here an arrow.
Unknown command.
Unknown command.
Okay, then.
The centaur shoots an arrow.
The arrow hits you!
You die...

#......#...#
#......'...#
#......#...#
#......#...# #
#......#.###
#.##'#######
#..........#
#..........# .....
+....)@....# .....
#######(##+# ###.....
#....##(##.####.....#
..........)...#.?...#
.........÷M...#.....#
.............(#.....#
...........c..'.....#
..............#.....+
..............#.....#


You could see a centaur.

Vanquished Creatures
  Crazy Yiuf (D:3)
  An orc wizard (D:4)
  4 gnolls (D:3)
  An adder (D:2)
  2 oozes
  A dart slug (D:1)
  A leopard gecko (D:3)
  6 orcs
  7 giant cockroaches
  9 goblins
  10 hobgoblins
  2 jackals (D:3)
  2 quokkas (D:2)
  A ball python (D:1)
  5 bats
  2 frilled lizards (D:3)
  3 kobolds (D:1)
  3 rats
61 creatures vanquished.

Notes
Turn   | Place    | Note
-------+----------+-------------------------------------------
     0 | D:1      | HAL9000 the Vine Stalker Assassin began the quest for the
                  | Orb.
     0 | D:1      | Reached XP level 1. HP: 11/11 MP: 2/2
    44 | D:1      | Reached skill level 2 in Short Blades
   124 | D:1      | Reached XP level 2. HP: 14/15 MP: 1/3
   850 | D:2      | Reached skill level 3 in Short Blades
  1106 | D:2      | Reached XP level 3. HP: 18/18 MP: 4/4
  1410 | D:2      | Found an opulent altar of Gozag.
  1954 | D:3      | Gained mutation: Your natural rate of healing is unusually
                  | fast. [Vine Stalker growth]
  1954 | D:3      | Reached XP level 4. HP: 16/23 MP: 2/5
  2050 | D:3      | Found an iron altar of Okawaru.
  2052 | D:3      | Reached skill level 4 in Short Blades
  2201 | D:3      | Reached XP level 5. HP: 26/26 MP: 6/6
  2327 | D:3      | Found a runed translucent door.
  2328 | D:3      | Noticed Crazy Yiuf
  2338 | D:3      | Killed Crazy Yiuf
  2623 | D:4      | Found Cixtuv's Gadget Boutique.
  2702 | D:4      | Reached skill level 5 in Short Blades
  2729 | D:4      | Noticed Menkaure
  2731 | D:4      | Found a shadowy altar of Dithmenos.
  2734 | D:4      | Found an ornate altar of the Wu Jian Council.
  2734 | D:4      | Noticed a centaur
  2748 | D:4      | Shot with an arrow by a centaur

Levels and vault maps discovered:
D:1:      psy_arrival_radial02, layout_rooms
D:2:      layout_basic, nrook_campfire, grunt_gozag_breadcrumbs
D:3:      layout_loops_ring, okawaru_trees_1, uniq_crazy_yiuf_cottage
D:4:      layout_gridville, minitemple, gammafunk_temple_overflow_elements,
          serial_shops, nicolae_shop_waterfront,
          nicolae_shop_competitors_out_of_business, uniq_robin, uniq_menkaure,
          uniq_sigmund

Skill      XL: |  1  2  3  4  5 |
---------------+----------------+-----
Short Blades   | 2 3 4 5 |  5.2
Fighting       | |  1.7
Throwing       | |  1.7
Dodging        | |  0.7
Stealth        | |  4.8

Action                   |  1- 3 |  4- 6 || total
-------------------------+-------+-------++-------
Melee: Dagger            |   114 |    57 ||   171
       Bite              |    13 |    16 ||    29
Throw: Dart              |       |     2 ||     2
 Stab: Sleeping          |    11 |     5 ||    16
  Eat: Chunk             |     3 |     3 ||     6
Armor: Robe              |    32 |    11 ||    43
Dodge: Dodged            |    61 |    23 ||    84

Table legend:
 A = Non-vault XP
 B = Vault XP
 C = Vault XP percentage of total XP
 D = Non-vault monster count
 E = Vault monster count
 F = Vault count percentage of total count
                 A         B        C        D         E       F
            +---------+---------+-------+---------+---------+-------
      Total |     227 |      45 |  16.5 |      60 |       1 |   1.6
            +---------+---------+-------+---------+---------+-------
        D:1 |      29 |       0 |   0.0 |      16 |       0 |   0.0
        D:2 |      39 |       0 |   0.0 |      15 |       0 |   0.0
        D:3 |     104 |      45 |  30.2 |      25 |       1 |   3.8
        D:4 |      55 |       0 |   0.0 |       4 |       0 |   0.0
            +---------+---------+-------+---------+---------+-------
